[Event "Early-Titled-Tuesday-Blitz-October-03-2023"]
[Site "Chess.com"]
[Date "2023.10.03"]
[Round "7"]
[White "Lady_Nika"]
[Black "Tssunami"]
[Result "1-0"]
[WhiteElo "2538"]
[BlackElo "2406"]
[TimeControl "180+1"]
[EndTime "9:17:19 PDT"]
[Termination "Lady_Nika won by resignation"]

1. e4 c5 2. Nc3 Nc6 3. g3 d6 4.
Bg2 e5 5. d3 h5 6. h4 Bg4 7. f3 Be6 8. Be3 Nge7 9. Qd2 Nd4 10. Nce2 Qb6 11. c3 Nxe2 12. Nxe2 g6 13. d4 Bg7 14. d5 Bd7 15. O-O f5 16. b4 f4 17.
gxf4 exf4 18. Nxf4 Qc7 19. bxc5 O-O 20. Rac1 Rae8 21.
c4 Qb8 22. cxd6 Qxd6 23. c5 Qf6 24. d6 Nc6 25. Nd5 Qxh4 26. Qf2 Qd8 27. Qg3 Ne5 28. Bg5 Qa5 29. Rc2 Kh7 30. Ne7 Qa4 31. Rd2 Qb4 32.
Rd5 Nf7 33. Bd2 Bd4+ 34. Kh1 Qxd2 35. Qxg6+ Kh8 36. Rxh5+ 1-0

[Event "Early-Titled-Tuesday-Blitz-October-03-2023"]
[Site "Chess.com"]
[Date "2023.10.03"]
[Round "7"]
[White "Zohid6"]
[Black "viktorskliarov"]
[Result "0-1"]
[WhiteElo "2788"]
[BlackElo "2664"]
[TimeControl "180+1"]
[EndTime "9:17:30 PDT"]
[Termination "viktorskliarov won by resignation"]

1. d4 Nf6 2. Nc3 e6 3. e4 d5 4. e5 Nfd7 5. Nce2 c5 6. c3 Nc6 7. Nf3 f6 8. Nf4 Qe7 9. Bd3 cxd4 10. cxd4 fxe5 11. dxe5 Nc5 12. Bb1 g6 13. O-O Bg7 14. Qe2 O-O 15. h4 b6 16. Rd1 Ba6 17. Qe3 d4 18.
Qe1 Rad8 19. h5 g5 20. h6 gxf4 21. hxg7 Qxg7 22. b4 Nxb4 23. Qe4 Nxe4 24. Bxe4 Bb7 25. Bxb7 Qxb7 26. Bb2 d3 27. Nd4 Rxd4 28. Bxd4 Nc2 29. Rxd3 Nxa1 30. Bxa1 Qe4 31. Rd7 Qe1+ 0-1

[Event "Early-Titled-Tuesday-Blitz-October-03-2023"]
[Site "Chess.com"]
[Date "2023.10.03"]
[Round "7"]
[White "Mikhail_Golubev"]
[Black "bocah_sakit"]
[Result "1-0"]
[WhiteElo "2616"]
[BlackElo "2713"]
[TimeControl "180+1"]
[EndTime "9:17:34 PDT"]
[Termination "Mikhail_Golubev won by resignation"]

1. e4 e5 2. Nf3 Nc6 3. Bc4 Nf6 4. Ng5 d5 5. exd5 Na5 6. Bb5+ c6 7. dxc6 bxc6 8. Bd3 h6 9. Ne4 Nd5 10. O-O Nf4 11.
Re1 Nxd3 12. cxd3 Be7 13. b4 Nb7 14. Bb2 O-O 15. Bxe5 Qxd3 16. Nbc3 Bxb4 17. Re3 Qd8 18. Rg3 f6 19. Nxf6+ Rxf6 20. Bxf6 Qxf6 21. Qb3+ Be6 22. Qxb4 Nd8 23. Rf3 Qe5 24. Rf8+ Kh7 25. Qe4+ Qxe4 26.
Nxe4 Rb8 27. h4 Bd5 28. Nd6 1-0

[Event "Early-Titled-Tuesday-Blitz-October-03-2023"]
[Site "Chess.com"]
[Date "2023.10.03"]
[Round "7"]
[White "AttilaTurzo"]
[Black "meoluoi91"]
[Result "1/2-1/2"]
[WhiteElo "2476"]
[BlackElo "2612"]
[TimeControl "180+1"]
[EndTime "9:17:43 PDT"]
[Termination "Game drawn by repetition"]

1. d4 d5 2. Nf3 Nf6 3. Bf4 Bf5 4. e3 e6 5. Bd3 c6 6. O-O Bd6 7. Bg3 O-O 8. c4 Ne4 9. Nc3 Bxg3 10. hxg3 Bg6 11.
Bxe4 dxe4 12. Nd2 f5 13. b4 Nd7 14. a4 Bf7 15. Nb3 Nb6 16. c5 Nd7 17. Na5 Qc7 18. Nc4 Kh8 19. Nd6 Bg8 20. Nb1 Rf6 21. Nd2 e5 22. g4 exd4 23. exd4 Rxd6 24. cxd6 Qxd6 25. gxf5 Qxd4 26. Nxe4 Qxe4 27. Qxd7 Bd5 28. f3 Qd4+ 29. Kh1 Qh4+ 30. Kg1 Qd4+ 31. Kh1 Qh4+ 32.
Kg1 Qd4+ 1/2-1/2

[Event "Early-Titled-Tuesday-Blitz-October-03-2023"]
[Site "Chess.com"]
[Date "2023.10.03"]
[Round "7"]
[White "DoctorCheckyll"]
[Black "elcala"]
[Result "1-0"]
[WhiteElo "2232"]
[BlackElo "1723"]
[TimeControl "180+1"]
[EndTime "9:17:50 PDT"]
[Termination "DoctorCheckyll won by resignation"]

1. e4 d5 2. exd5 Qxd5 3. Nf3 Nf6 4. Be2 Nc6 5. c4 Qd8 6. d4 e6 7. O-O b6 8. Nc3 Bb7 9. a3 Be7 10. Bf4 O-O 11. h3 Qd7 12. Qd2 Rad8 13. Rfd1 Nb8 14.
Ne5 Qc8 15. Nb5 Nc6 16. Nxc6 Bxc6 17. Nxa7 Qb7 18. Nxc6 Qxc6 19. Rac1 Bd6 20. Bf3 Qd7 21. Qe3 Bxf4 22. Qxf4 Qd6 23. Qe3 Rd7 24. c5 bxc5 25.
dxc5 Qe7 26. c6 Rxd1+ 27. Rxd1 Rd8 28. Rd4 Rd5 29. Bxd5 Nxd5 30. Rxd5 1-0

[Event "Early-Titled-Tuesday-Blitz-October-03-2023"]
[Site "Chess.com"]
[Date "2023.10.03"]
[Round "7"]
[White "Rap_woyska"]
[Black "blitzking1729"]
[Result "0-1"]
[WhiteElo "2498"]
[BlackElo "2726"]
[TimeControl "180+1"]
[EndTime "9:17:55 PDT"]
[Termination "blitzking1729 won by resignation"]

1. c4 g6 2. Nc3 Bg7 3. Nf3 c5 4.
e3 Nf6 5. d4 cxd4 6. exd4 O-O 7. d5 d6 8. h3 a5 9. Bd3 Na6 10. O-O Nc5 11. Bc2 Bd7 12. Re1 a4 13. Rb1 Re8 14.
Bg5 Qa5 15. Nd4 Qb4 16. Ndb5 Rac8 17. Na3 Qa5 18. Bd2 Qa6 19. Nab5 e6 20. dxe6 Bxe6 21.
b4 axb3 22. axb3 d5 23. cxd5 Nxd5 24. Nxd5 Qxb5 25. Nf4 Red8 26. Nxe6 Nxe6 27. Re2 Rxc2 0-1

[Event "Early-Titled-Tuesday-Blitz-October-03-2023"]
[Site "Chess.com"]
[Date "2023.10.03"]
[Round "7"]
[White "JoakimVonAnd"]
[Black "NovoselovRoman"]
[Result "1/2-1/2"]
[WhiteElo "2741"]
[BlackElo "2613"]
[TimeControl "180+1"]
[EndTime "9:17:56 PDT"]
[Termination "Game drawn by repetition"]

1. c4 e6 2. Nf3 d5 3. g3 Nf6 4. Bg2 Be7 5. O-O O-O 6. b3 a5 7.
d4 a4 8. Bb2 Nc6 9. Nc3 a3 10. Bc1 Ne4 11. Bd2 Nxd2 12. Qxd2 Bf6 13.
Rad1 Na5 14. Qd3 b6 15. e4 dxc4 16. bxc4 Ba6 17. Nb5 c6 18. Nxa3 Be7 19. Rc1 Bxa3 20. Qxa3 Bxc4 21. Rfd1 Be2 22. Re1 Bxf3 23. Bxf3 Qxd4 24.
e5 Rac8 25. Re4 Qd2 26. Rd1 Qc2 27. Rc1 Qd2 28. Rd1 Qc2 29. Rc1 Qd2 1/2-1/2

[Event "Early-Titled-Tuesday-Blitz-October-03-2023"]
[Site "Chess.com"]
[Date "2023.10.03"]
[Round "7"]
[White "Markov_Mikhail"]
[Black "Caroexpert"]
[Result "1-0"]
[WhiteElo "2710"]
[BlackElo "2505"]
[TimeControl "180+1"]
[EndTime "9:17:56 PDT"]
[Termination "Markov_Mikhail won by resignation"]

1. c4 e6 2. Nf3 d5 3. g3 Nf6 4. Bg2 Bd6 5. O-O dxc4 6. Qa4+ Nbd7 7. Qxc4 c5 8. d4 O-O 9. Rd1 Qe7 10. Nc3 a6 11. dxc5 Nxc5 12. Bg5 b5 13. Qh4 Bb7 14.
a4 b4 15. Bxf6 gxf6 16. Qxb4 Rab8 17. Qh4 Kh8 18. Rxd6 Qxd6 19. Qxf6+ Kg8 20. Rd1 Ne4 21. Qh4 Qxd1+ 22. Nxd1 Rbc8 23. Nc3 f5 24. Ng5 Nxg5 25. Qxg5+ 1-0

[Event "Early-Titled-Tuesday-Blitz-October-03-2023"]
[Site "Chess.com"]
[Date "2023.10.03"]
[Round "7"]
[White "RETURNOFTHELAGGER"]
[Black "Marcin"]
[Result "1-0"]
[WhiteElo "2671"]
[BlackElo "2500"]
[TimeControl "180+1"]
[EndTime "9:17:59 PDT"]
[Termination "RETURNOFTHELAGGER won by checkmate"]

1. e4 e5 2. Nc3 Nf6 3. f4 d5 4. fxe5 Nxe4 5. Qf3 Nxc3 6. dxc3 Nc6 7. Bf4 Bf5 8.
O-O-O Be4 9. Qf2 Be7 10. Nf3 O-O 11. Kb1 Qd7 12. Bd3 Bxd3 13. Rxd3 Rad8 14. h4 Qg4 15. g3 h6 16. Nh2 Qe6 17. g4 f6 18. exf6 Qxf6 19. Rf3 Qxh4 20. Qg2 d4 21. Rh3 Qf6 22. Bc1 dxc3 23. Rxc3 Qf2 24. Qh3 Bf6 25. Rf3 Qc5 26.
Rhf1 Nd4 27. R3f2 Ne6 28. Nf3 Rd5 29. g5 Nxg5 30. Nxg5 hxg5 31. Qe6+ Rf7 32. Rxf6 gxf6 33.
Rxf6 Qe7 34. Rg6+ Kh7 35. Rh6+ Kg7 36. Qg6+ Kf8 37. Rh8# 1-0

[Event "Early-Titled-Tuesday-Blitz-October-03-2023"]
[Site "Chess.com"]
[Date "2023.10.03"]
[Round "7"]
[White "VOneChess"]
[Black "Gyulamiryan-koryun"]
[Result "1-0"]
[WhiteElo "2224"]
[BlackElo "1999"]
[TimeControl "180+1"]
[EndTime "9:18:00 PDT"]
[Termination "VOneChess won on time"]

1. e4 c5 2. Nf3 d6 3. d4 cxd4 4. Nxd4 Nf6 5. Nc3 a6 6. Bg5 e6 7. f4 Be7 8. Qf3 Nc6 9. O-O-O Nxd4 10. Rxd4 Qb6 11. Rd2 h6 12. Bh4 O-O 13. e5 dxe5 14. fxe5 Bc5 15. Na4 Qa5 16. Nxc5 Qxa2 17. Qa3 Qxa3 18.
bxa3 Nd5 19. Bc4 Ne3 20. Bb3 b6 21. Ne4 Bb7 22. Nd6 Bxg2 23. Rg1 g5 24. Bf2 Nf1 25.
Rd3 1-0

[Event "Early-Titled-Tuesday-Blitz-October-03-2023"]
[Site "Chess.com"]
[Date "2023.10.03"]
[Round "7"]
[White "Daffidollchess2"]
[Black "DanyKopy"]
[Result "1-0"]
[WhiteElo "2713"]
[BlackElo "2562"]
[TimeControl "180+1"]
[EndTime "9:18:07 PDT"]
[Termination "Daffidollchess2 won by resignation"]

1. e4 c5 2. Nf3 Nc6 3. d4 cxd4 4. Nxd4 e5 5. Nb5 d6 6. c4 f5 7. exf5 Bxf5 8. Bd3 Be6 9. N1c3 a6 10. Na3 Nf6 11. Bg5 Be7 12. O-O O-O 13. Nc2 e4 14. Be2 d5 15. Bxf6 Bxf6 16. cxd5 Bxc3 17. dxe6 Bxb2 18. Rb1 Qf6 19. Qd5 Kh8 20. Qxe4 Nd4 21. Nxd4 Bxd4 22. Rxb7 Bxf2+ 23. Kh1 Rae8 24. Bc4 Re7 25. Rb3 Rc8 26. Rf3 1-0

[Event "Early-Titled-Tuesday-Blitz-October-03-2023"]
[Site "Chess.com"]
[Date "2023.10.03"]
[Round "7"]
[White "Hikaru"]
[Black "BlueWizzard"]
[Result "1-0"]
[WhiteElo "3264"]
[BlackElo "2962"]
[TimeControl "180+1"]
[EndTime "9:18:09 PDT"]
[Termination "Hikaru won by resignation"]

1. a3 h6 2. e4 c5 3. Nf3 d6 4. d4 cxd4 5. Nxd4 Nf6 6. Nc3 g6 7. f4 Nbd7 8. Bb5 e5 9. Nf3 Qc7 10. Ba4 a6 11. O-O Bg7 12. Bb3 O-O 13. f5 Kh7 14.
Be3 Nc5 15. Nd5 Nxd5 16. Bxd5 Nd7 17. Bxf7 gxf5 18. Ng5+ Kh8 19. Ne6 Qc4 20. Nxg7 Rxf7 21. Nxf5 Qxe4 22. Qh5 Rf6 23. Bxh6 1-0

[Event "Early-Titled-Tuesday-Blitz-October-03-2023"]
[Site "Chess.com"]
[Date "2023.10.03"]
[Round "7"]
[White "N4700000"]
[Black "ferrufino64"]
[Result "1-0"]
[WhiteElo "2408"]
[BlackElo "2207"]
[TimeControl "180+1"]
[EndTime "9:18:11 PDT"]
[Termination "N4700000 won by resignation"]

1. e4 c5 2. Nf3 d6 3. Bb5+ Bd7 4. c4 e5 5. Nc3 Nc6 6. O-O Nge7 7. d3 g6 8. Nd5 Nxd5 9. cxd5 Ne7 10. a4 Bg7 11. Nd2 O-O 12. Nc4 Bc8 13. a5 Nf5 14. exf5 gxf5 15. f4 Kh8 16. Kh1 Rg8 17. Qh5 Qf6 18. fxe5 dxe5 19. Bg5 Qg6 20. Qxg6 fxg6 21. d6 Be6 22. a6 b6 23. Rae1 h6 24.
Be7 Bxc4 25. Bxc4 Rgd8 26. g4 f4 27. h4 Rab8 28. Bd5 Kh7 29. Be4 Bf8 30. h5 Bg7 31.
hxg6+ Kg8 32. Bd5+ Kh8 33. Kg2 b5 34. g5 c4 35. Rh1 Rxd6 36. Bxd6 Rb6 37. Bxe5 Rxg6 38.
Rxh6+ Rxh6 39. gxh6 Bxe5 40. Rxe5 cxd3 1-0

[Event "Early-Titled-Tuesday-Blitz-October-03-2023"]
[Site "Chess.com"]
[Date "2023.10.03"]
[Round "7"]
[White "emeli_chess"]
[Black "Aariow"]
[Result "1-0"]
[WhiteElo "2362"]
[BlackElo "2476"]
[TimeControl "180+1"]
[EndTime "9:18:13 PDT"]
[Termination "emeli_chess won on time"]

1. d4 d5 2. c4 e6 3. Nc3 Nf6 4.
cxd5 exd5 5. Bg5 Nbd7 6. e3 c6 7. Bd3 Be7 8. Nf3 O-O 9. O-O Re8 10. h3 Ne4 11. Bxe4 Bxg5 12. Bd3 Be7 13. Rb1 Nb6 14.
b4 Be6 15. b5 c5 16. dxc5 Bxc5 17. Nd4 Bxd4 18. exd4 Qh4 19. Ne2 Rac8 20. Qd2 Nc4 21.
Bxc4 Rxc4 22. Rfd1 Bf5 23. Rbc1 Ra4 24. Qf4 Qf6 25.
Nc3 g5 26. Nxd5 Qe6 27. Qxg5+ Kh8 28. Nc7 Qe7 29. Qxf5 Rg8 30. Qe5+ 1-0

[Event "Early-Titled-Tuesday-Blitz-October-03-2023"]
[Site "Chess.com"]
[Date "2023.10.03"]
[Round "7"]
[White "Korchmar_Vasiliy"]
[Black "Rutricks"]
[Result "0-1"]
[WhiteElo "2679"]
[BlackElo "2685"]
[TimeControl "180+1"]
[EndTime "9:18:14 PDT"]
[Termination "Rutricks won by checkmate"]

1. e4 g6 2. d4 Bg7 3. Nc3 c6 4. Be3 d5 5. e5 f6 6. f4 Nh6 7. Nf3 Bg4 8. Be2 O-O 9. h3 Bxf3 10. Bxf3 fxe5 11. fxe5 e6 12. Qd2 c5 13. dxc5 Nf7 14. O-O-O Nxe5 15. Be2 Nbc6 16. Nb5 b6 17. cxb6 axb6 18.
Kb1 Na5 19. b3 Nac6 20. Nd4 Qe7 21. a4 Rfc8 22. Rhe1 Nc4 23. bxc4 Rxa4 24. Nxc6 Ra1# 0-1

[Event "Early-Titled-Tuesday-Blitz-October-03-2023"]
[Site "Chess.com"]
[Date "2023.10.03"]
[Round "7"]
[White "MidnightFox"]
[Black "bazar-wokzal"]
[Result "0-1"]
[WhiteElo "2474"]
[BlackElo "2629"]
[TimeControl "180+1"]
[EndTime "9:18:17 PDT"]
[Termination "bazar-wokzal won by resignation"]

1. d4 Nf6 2. c4 Nc6 3. Nc3 e5 4.
d5 Ne7 5. e4 Ng6 6. a3 Bc5 7. g3 d6 8. h3 a5 9. Bg2 h5 10. Nge2 h4 11. g4 Bxg4 12. Be3 Bxe3 13. fxe3 Bxe2 14. Nxe2 Nh5 15. Bf3 Ng3 16. Nxg3 hxg3 17.
Qe2 Nh4 18. Bg4 Qg5 19. O-O-O g6 20. Rhg1 f5 21. Bf3 b6 22. Kb1 Ke7 23. Ka1 Nxf3 24. Qxf3 Rxh3 25. Rg2 Rah8 26. Rdg1 fxe4 27. Qxe4 Qf5 28.
Qxf5 gxf5 29. Rxg3 Rxg3 30. Rxg3 Kf6 31. Ka2 f4 32.
exf4 exf4 33. Rg2 f3 34. Rf2 Rh3 35. Kb3 Ke5 36. Kc3 Ke4 37. Kd2 Rg3 38. Rf1 Rg2+ 39. Kc3 f2 40. b4 Ke3 41. Rb1 Rg1 0-1

[Event "Early-Titled-Tuesday-Blitz-October-03-2023"]
[Site "Chess.com"]
[Date "2023.10.03"]
[Round "7"]
[White "fabianvivasz"]
[Black "astralpulse"]
[Result "0-1"]
[WhiteElo "2463"]
[BlackElo "2699"]
[TimeControl "180+1"]
[EndTime "9:18:18 PDT"]
[Termination "astralpulse won by checkmate"]

1. e4 e5 2. Nf3 Nc6 3. d4 exd4 4.
Nxd4 Bb4+ 5. c3 Bc5 6. Be3 Bb6 7.
Nf5 Qf6 8. g3 Nge7 9. Bxb6 axb6 10. Ne3 h5 11. h4 d6 12. Bg2 Be6 13. Na3 Rxa3 14. bxa3 Qxc3+ 15. Kf1 Qxa3 16. Bf3 g6 17. Kg2 Ne5 18. Qc1 Qxc1 19. Rhxc1 Nxf3 20. Kxf3 Kd7 21. a4 Ra8 22. Kf4 Ra5 23. f3 Nc6 24. g4 Nd4 25. Rd1 Ne2# 0-1

[Event "Early-Titled-Tuesday-Blitz-October-03-2023"]
[Site "Chess.com"]
[Date "2023.10.03"]
[Round "7"]
[White "MrVenky"]
[Black "Hasangatin_Ramil"]
[Result "0-1"]
[WhiteElo "2551"]
[BlackElo "2741"]
[TimeControl "180+1"]
[EndTime "9:18:18 PDT"]
[Termination "Hasangatin_Ramil won by resignation"]

1. e4 d5 2. exd5 Qxd5 3. Nc3 Qd6 4. d4 Nf6 5. Nf3 c6 6. g3 Bg4 7. Bg2 e6 8. Bf4 Qd8 9. h3 Bxf3 10. Qxf3 Bd6 11.
O-O-O Bxf4+ 12. Qxf4 Nbd7 13. Kb1 O-O 14. g4 Nd5 15.
Qg3 Nxc3+ 16. Qxc3 Nb6 17. h4 Nd5 18. Qg3 Qb8 19. g5 Qxg3 20. fxg3 b5 21. Rhe1 a5 22. c3 a4 23. a3 Rfd8 24. Kc2 Rd6 25. Re5 g6 26. h5 Kg7 27. Rh1 Rad8 28. h6+ Kf8 29. Rf1 Ke7 30. Re2 Rf8 31. Kd3 Rdd8 32. Be4 Kd6 33. Ref2 Rd7 34. Rf3 Nb6 35. Kc2 Nc4 36.
g4 Re7 37. Rf6 Ne3+ 38. Kd3 Nxf1 39. Rxf1 c5 0-1

[Event "Early-Titled-Tuesday-Blitz-October-03-2023"]
[Site "Chess.com"]
[Date "2023.10.03"]
[Round "7"]
[White "GalaxyRoman"]
[Black "santosalberto1987"]
[Result "1-0"]
[WhiteElo "2720"]
[BlackElo "2493"]
[TimeControl "180+1"]
[EndTime "9:18:19 PDT"]
[Termination "GalaxyRoman won by resignation"]

1. e4 e6 2. Nc3 d5 3. d4 Nf6 4. e5 Nfd7 5. f4 c5 6. Nf3 Nc6 7. Be3 Qb6 8. Na4 Qa5+ 9. c3 b6 10. Be2 Ba6 11. Bxa6 Qxa6 12. b3 Be7 13. Qe2 Qxe2+ 14.
Kxe2 O-O 15. a3 cxd4 16. Nxd4 Rfc8 17. b4 Nxd4+ 18. Bxd4 b5 19. Nb2 Nb6 20. a4 Nc4 21.
Nxc4 bxc4 22. Rhb1 a6 23. b5 axb5 24. axb5 Rab8 25.
b6 Rb7 26. Ra7 Rcb8 27. Rxb7 Rxb7 28. Ra1 Rb8 29. b7 Rxb7 30. Ra8+ Bf8 31. Bc5 Rb2+ 32. Kf3 h6 33. Rxf8+ Kh7 34. Rxf7 Rc2 35. Bd4 1-0

[Event "Early-Titled-Tuesday-Blitz-October-03-2023"]
[Site "Chess.com"]
[Date "2023.10.03"]
[Round "7"]
[White "gtnamfrq"]
[Black "Vesper2018"]
[Result "0-1"]
[WhiteElo "2416"]
[BlackElo "2580"]
[TimeControl "180+1"]
[EndTime "9:18:20 PDT"]
[Termination "Vesper2018 won by resignation"]

1. e4 c5 2. Nf3 d6 3. d4 cxd4 4. Nxd4 Nf6 5. Nc3 a6 6. h3 e5 7. Nde2 h5 8. Bg5 Be6 9. Bxf6 Qxf6 10. Nd5 Qd8 11. g3 g6 12. Bg2 Bg7 13. Qd3 Nd7 14.
Nec3 Nc5 15. Qe2 O-O 16. O-O Bd7 17. Rfd1 Ne6 18. Qe3 Nd4 19. Rac1 Rc8 20. Rd2 Kh7 21. Ne2 Ne6 22. c3 f5 23. exf5 gxf5 24. f4 h4 25. fxe5 dxe5 26. Nb6 Bh6 27. Qxh6+ Kxh6 28. Rxd7 Qxb6+ 29. Kh2 Rcd8 30. Re7 Rd6 31. gxh4 Qf2 32. Ng3 Rg8 33.
Nxf5+ Qxf5 0-1

[Event "Early-Titled-Tuesday-Blitz-October-03-2023"]
[Site "Chess.com"]
[Date "2023.10.03"]
[Round "7"]
[White "KorolDimitriy75"]
[Black "kritipatel"]
[Result "1-0"]
[WhiteElo "2386"]
[BlackElo "2129"]
[TimeControl "180+1"]
[EndTime "9:18:22 PDT"]
[Termination "KorolDimitriy75 won by checkmate"]

1. d4 d5 2. c4 e6 3. Nc3 Nf6 4. Bg5 Be7 5. cxd5 exd5 6. e3 O-O 7. Bd3 c6 8. Qc2 Nbd7 9. Nge2 Re8 10. f3 Nf8 11.
O-O g6 12. Rad1 Ne6 13. Bh4 b5 14. Bf2 Bb7 15. h3 Rc8 16. e4 b4 17. Na4 c5 18. dxc5 Qa5 19. e5 Nd7 20. f4 Nexc5 21. Nxc5 Nxc5 22. Qd2 Nxd3 23. Qxd3 Qxa2 24. Bd4 Ba6 25. Qe3 Qc4 26. Rf2 Bh4 27. g3 Be7 28. f5 Bf8 29. Nf4 b3 30. e6 Bh6 31. Qe5 Kf8 32. fxg6 hxg6 33. Nxg6+ Kg8 34. Qh8# 1-0

[Event "Early-Titled-Tuesday-Blitz-October-03-2023"]
[Site "Chess.com"]
[Date "2023.10.03"]
[Round "7"]
[White "DefiantChair"]
[Black "Indianlad"]
[Result "0-1"]
[WhiteElo "2559"]
[BlackElo "3022"]
[TimeControl "180+1"]
[EndTime "9:18:26 PDT"]
[Termination "Indianlad won by resignation"]

1. e4 c5 2. Nf3 b6 3. d4 cxd4 4. Nxd4 Bb7 5. f3 a6 6. c4 e6 7. Nc3 d6 8. Be2 Nd7 9. Be3 Ngf6 10. O-O Be7 11. Qd2 h5 12. a4 h4 13. h3 Qb8 14.
b4 Nh5 15. Rfb1 Ng3 16. a5 bxa5 17. Rxa5 Qc7 18. Raa1 Ne5 19. b5 O-O 20. bxa6 Rxa6 21. Ndb5 Qc6 22. Nd4 Qc8 23. Rxa6 Bxa6 24. Bg5 Bxg5 25.
Qxg5 Qc5 26. Qe3 Bxc4 27. Bxc4 Nxc4 28. Qf2 Ra8 29. Nde2 Nxe2+ 30. Nxe2 Ra2 31. Qxc5 dxc5 32. Nf4 Ne5 33. Kf1 c4 34. Ne2 Nd3 35. Nc3 Rf2+ 36. Kg1 Rc2 37. Na4 c3 38. Rb8+ Kh7 39. Rc8 Rc1+ 40.
Kh2 c2 41. Rc4 Ne1 42. Nc3 Rd1 43. Ne2 Rd2 44. Nc1 Nxf3+ 0-1

[Event "Early-Titled-Tuesday-Blitz-October-03-2023"]
[Site "Chess.com"]
[Date "2023.10.03"]
[Round "7"]
[White "SAInt_666"]
[Black "OchsenfroschGambit"]
[Result "0-1"]
[WhiteElo "2642"]
[BlackElo "2512"]
[TimeControl "180+1"]
[EndTime "9:18:27 PDT"]
[Termination "OchsenfroschGambit won by resignation"]

1. e4 c5 2. Nf3 e6 3. c3 Nf6 4. e5 Nd5 5. Bc4 d6 6. d4 cxd4 7. cxd4 Be7 8. O-O O-O 9. Qe2 b6 10. Rd1 Bb7 11. Bxd5 exd5 12. Nc3 Na6 13. Bf4 Nc7 14.
Rac1 Ne6 15. Bg3 a6 16. a3 Rc8 17. Qe3 Qd7 18. h4 Rc4 19. h5 h6 20. exd6 Bxd6 21. Bxd6 Qxd6 22. Ne5 Rc7 23. Ne2 Rfc8 24. Rc3 a5 25.
Rdc1 Ba6 26. Rxc7 Rxc7 27. Rxc7 Qxc7 28. Nc3 Qd6 29. g3 b5 30. Ne2 b4 31. axb4 Bxe2 32.
Qxe2 Nxd4 33. Qe3 Qxe5 34. Qxe5 Nf3+ 35. Kf1 Nxe5 36. bxa5 Nc6 37. a6 Kf8 38. Ke2 Ke7 39. b4 Kd6 40. b5 Nd4+ 0-1

[Event "Early-Titled-Tuesday-Blitz-October-03-2023"]
[Site "Chess.com"]
[Date "2023.10.03"]
[Round "7"]
[White "lefonghua"]
[Black "ActorXu"]
[Result "0-1"]
[WhiteElo "2596"]
[BlackElo "2725"]
[TimeControl "180+1"]
[EndTime "9:18:32 PDT"]
[Termination "ActorXu won by resignation"]

1. d4 Nf6 2. c4 e6 3. Nc3 Bb4 4.
f3 Nc6 5. a3 Bxc3+ 6. bxc3 d6 7. e4 e5 8. Be3 b6 9. Bd3 Qd7 10. Nh3 Ba6 11. O-O Na5 12. c5 Bxd3 13. Qxd3 dxc5 14. d5 O-O 15. a4 c6 16. c4 cxd5 17.
cxd5 c4 18. Qc3 Qd6 19. Nf2 Nd7 20. Rfd1 Nb3 21. Ra2 Rac8 22. g3 a6 23. f4 b5 24.
axb5 axb5 25. Ra7 b4 26. Qb2 Rfe8 27. Kh1 Ra8 28. Rb7 Reb8 29. Rxd7 Qxd7 30. Qxe5 c3 31. Nd3 Re8 32. Qg5 Rxe4 33. Ne5 f6 34. Nxd7 fxg5 0-1

[Event "Early-Titled-Tuesday-Blitz-October-03-2023"]
[Site "Chess.com"]
[Date "2023.10.03"]
[Round "7"]
[White "SanchezKelvin"]
[Black "AjedrezenMadrid"]
[Result "1-0"]
[WhiteElo "2611"]
[BlackElo "2466"]
[TimeControl "180+1"]
[EndTime "9:18:32 PDT"]
[Termination "SanchezKelvin won by checkmate"]

1. e4 c5 2. Nf3 e6 3. d4 cxd4 4.
Nxd4 Nc6 5. Nc3 Qc7 6. Be3 a6 7.
Qf3 Nf6 8. O-O-O Ne5 9. Qg3 b5 10. f4 Neg4 11. e5 Nxe3 12. Qxe3 b4 13. Ncb5 axb5 14.
Nxb5 Qb8 15. exf6 gxf6 16. Kb1 Ba6 17. Nd4 Bb7 18. Bb5 Bd5 19. b3 Bc5 20. Ba4 Rxa4 21. bxa4 Qa7 22. Qd3 Qxa4 23. Nb3 Be7 24. Rhe1 O-O 25. Qg3+ Kh8 26. Rxd5 Ra8 27. Rh5 Qxa2+ 28. Kc1 Rc8 29. Qd3 f5 30. Qd4+ Kg8 31. Qb2 Qa7 32.
Rh3 Qf2 33. Rg3+ Kf8 34. Qh8# 1-0

[Event "Early-Titled-Tuesday-Blitz-October-03-2023"]
[Site "Chess.com"]
[Date "2023.10.03"]
[Round "7"]
[White "KatakuriDono"]
[Black "ExchangeAB"]
[Result "0-1"]
[WhiteElo "2328"]
[BlackElo "2489"]
[TimeControl "180+1"]
[EndTime "9:18:34 PDT"]
[Termination "ExchangeAB won by resignation"]

1. d4 d5 2. c4 c6 3. Nc3 Nf6 4. cxd5 cxd5 5. Bg5 Ne4 6. Nxe4 dxe4 7. a3 Qd5 8. Bh4 Nc6 9. e3 Qa5+ 10. Qd2 Qxd2+ 11. Kxd2 e5 12. d5 Ne7 13. Bc4 Nf5 14. Bg3 Nd6 15.
Bb3 f6 16. Ne2 Bd7 17. Rac1 Kd8 18. Rc2 Rc8 19. Rxc8+ Kxc8 20. Rc1+ Kd8 21. f4 exf3 22. gxf3 g6 23. Bh4 Be7 24. e4 f5 25. Bxe7+ Kxe7 26. exf5 gxf5 27. Ng3 Rg8 28. Rc7 Kd8 29. Rc1 f4 30.
Ne4 Nxe4+ 31. fxe4 Rg2+ 32. Kd3 Rxb2 33. Bc4 b5 34. d6 bxc4+ 35. Kxc4 Be6+ 36. Kc5 Kd7 37. Rg1 Rc2+ 38. Kb4 Kxd6 0-1

[Event "Early-Titled-Tuesday-Blitz-October-03-2023"]
[Site "Chess.com"]
[Date "2023.10.03"]
[Round "7"]
[White "Iskusnyh"]
[Black "lluiss"]
[Result "1-0"]
[WhiteElo "2620"]
[BlackElo "2214"]
[TimeControl "180+1"]
[EndTime "9:18:34 PDT"]
[Termination "Iskusnyh won by resignation"]

1. d4 d5 2. c4 c6 3. Nf3 e6 4. b3 f5 5. g3 Nf6 6. Bg2 Be7 7. O-O O-O 8. Ba3 Bd7 9. Qc1 Ne4 10.
Qb2 Be8 11. Ne5 Nd7 12. Nd3 Bh5 13. Nf4 Bf7 14. Bxe7 Qxe7 15. Nd2 Ndf6 16. Nf3 Nd7 17. c5 b6 18. b4 a5 19. a3 axb4 20. axb4 bxc5 21.
bxc5 Rab8 22. Qc2 Rb7 23. Nd3 Rfb8 24. Ra6 Rc8 25. Nfe5 Nxe5 26. Nxe5 Be8 27. Rfa1 Qc7 28. Ra8 Rbb8 29. R8a7 Rb7 30. Rxb7 Qxb7 31. Rb1 Qc7 32. Rb6 Ra8 33. Qb2 h6 34. h4 Kh7 35. Rb7 Qa5 36.
Bxe4 fxe4 37. Qc1 Qb4 38. Rxb4 1-0

[Event "Early-Titled-Tuesday-Blitz-October-03-2023"]
[Site "Chess.com"]
[Date "2023.10.03"]
[Round "7"]
[White "MatthewG-p4p"]
[Black "Oleksandr_Bortnyk"]
[Result "0-1"]
[WhiteElo "2834"]
[BlackElo "3011"]
[TimeControl "180+1"]
[EndTime "9:18:36 PDT"]
[Termination "Oleksandr_Bortnyk won by resignation"]

1. e4 Nf6 2. e5 Nd5 3. d4 d6 4. Nf3 dxe5 5. Nxe5 c6 6. Be2 Bf5 7. O-O Nd7 8. Nf3 e6 9. c4 N5f6 10. Nh4 Bg6 11. Nc3 Bd6 12. g3 O-O 13. Re1 e5 14. Be3 exd4 15. Bxd4 Qc7 16. Nxg6 hxg6 17. Qc2 Be5 18. Be3 Rfe8 19. Rad1 Qa5 20. Bd2 Bd4 21. Nd5 Qd8 22. Be3 Bxe3 23. Nxe3 Qb6 24. Bf3 a5 25. h3 a4 26. Qc3 Qc5 27. b4 axb3 28. axb3 Ra3 29. Nc2 Rxe1+ 30. Rxe1 Ra2 31. b4 Qf5 32. Nd4 Qxh3 33. Bg2 Qh6 34. Qb3 Qd2 35. Nf3 Qxf2+ 0-1